 Dungeon Crawl Stone Soup version 0.30-a0-881-g1ff12e1e11 (webtiles) character file.

Game seed: 1639404914339625305

179 Hubris850 the Ruffian (level 5, -16/41 HPs)
             Began as a Draconian Transmuter on Mar 14, 2023.
             Demolished by an ogre
             ... wielding a +0 giant club
              (32 damage)
             ... on level 4 of the Dungeon.
             The game lasted 00:10:52 (2863 turns).

Hubris850 the Ruffian (Draconian Transmuter)        Turns: 2863, Time: 00:10:52

Health: -16/41     AC:  5    Str: 13    XL:     5   Next: 33%
Magic:  8/9        EV: 12    Int: 21    God:
Gold:   265        SH:  0    Dex: 11    Spells: 7/10 levels left

rFire   . . .      SeeInvis .      - Unarmed
rCold   . . .      Faith    .    (no shield)
rNeg    . . .      Spirit   .    (body armour unavailable)
rPois   .          Reflect  .    (helmet currently unavailable)
rElec   .          Rampage  .    (no cloak)
rCorr   .                        (no gloves)
Will    .....                    (boots currently unavailable)
Stlth   +                        (no amulet)
HPRegen 0.26/turn                b - +6 ring of intelligence
MPRegen 0.11/turn                (no ring)

@: appendages, hasted, very quick
A: talons 2, AC +5, unfitting armour, cold-blooded, horns 1
a: End Transformation


You were on level 4 of the Dungeon.
You had temporarily grown beastly talons.
You visited 1 branch of the dungeon, and saw 4 of its levels.

You collected 265 gold pieces.

Inventory:

Missiles
 l - 2 boomerangs
 s - 3 poisoned darts
Magical Staves
 d - a staff of air
Jewellery
 b - a +6 ring of intelligence (left hand)
 p - a ring of fire
Scrolls
 e - 2 scrolls of enchant armour {unknown}
 f - a scroll of amnesia {unknown}
 h - a scroll of butterflies {unknown}
 i - 3 scrolls of identify {unknown}
 j - a scroll of immolation {unknown}
 k - a scroll of teleportation {unknown}
 r - a scroll of noise {unknown}
Potions
 a - 2 potions of lignification
 c - a potion of ambrosia {unknown}
 g - a potion of flight {unknown}
 m - a potion of mutation
 n - a potion of haste
 o - a potion of brilliance {unknown}
 q - a potion of degeneration {unknown}


   Skills:
 - Level 2.0 Fighting
 + Level 2.8 Dodging
 + Level 3.9 Unarmed Combat
 + Level 3.0 Spellcasting
 + Level 3.1 Transmutations


You had 7 spell levels left.
You knew the following spells:

 Your Spells              Type           Power      Damage    Failure   Level
a - Beastly Appendage     Tmut           32%        N/A       3%          1
b - Wereblood             Tmut           16%        N/A       5%          2

Your spell library contained the following spells:

 Spells                   Type           Power      Damage    Failure   Level
 Spider Form              Tmut/Pois      9%         N/A       21%         3
 Ice Form                 Ice/Tmut       9%         N/A       56%         4


Dungeon Overview and Level Annotations

Branches:
Dungeon (4/15)
 Temple: D:4-7

Altars:
Elyvilon

Shops:
D:2 (

Annotations:
D:2 1 runed translucent door, Crazy Yiuf
D:4 Eustachio


Innate Abilities, Weirdness & Mutations

You have temporarily grown beastly talons.
Your plain brown scales are hard. (AC +5)
You cannot fit into any form of body armour.
You are cold-blooded and may be slowed by cold attacks.
You have a pair of small horns on your head.


Message History

You barely miss the goblin. The goblin misses you.
You hit the goblin.
You kill the goblin!
No target in view!
Magic restored.
Your horns disappear.
Your talons disappear.
HP restored.
You now have 255 gold pieces (gained 8).
You now have 265 gold pieces (gained 10).
An ogre comes into view. It is wielding a +0 giant club.
It was a potion of mutation.
You feel extremely strange. A pair of horns grows on your head!
Casting: Beastly Appendage (safe; 3% risk of failure)
Confirm with . or Enter, or press ? or * to list all spells.
Your feet morph into talons.
It was a potion of haste.
You feel yourself speed up.
The ogre shouts!
Eustachio the Magnificent comes into view.
He is wielding a +0 rapier.
Found a stone staircase leading down.
Eustachio shouts!
The ogre hits you with a +0 giant club!
You hit the ogre but do no damage. You claw the ogre.
Your tail-slap misses the ogre.
The ogre is lightly wounded.
Eustachio gestures wildly while chanting.
Eustachio blinks!
You barely miss the ogre. You claw the ogre, but do no damage.
You tail-slap the ogre.
The ogre is moderately wounded.
The ogre hits you with a +0 giant club!
You hit the ogre.
The ogre is heavily wounded.
You hit the ogre. You claw the ogre. You tail-slap the ogre.
The ogre is severely wounded.
You hit the ogre. Your kick misses the ogre.
The ogre is almost dead.
Eustachio casts a spell.
The ogre hits you with a +0 giant club!!
Ouch! That really hurt!
You die...

####..###.......###
#.................#
#......#...####...####
#........#####.........
#.......## #..##.##.##
#####...# #.## ... ..
##### #.# ###. . ###.#
.. #@..# # #>.@.O....#
#.........#
#....r.?....
#............#
#..........###
######.ยง..## #....#


You could see Eustachio, an ogre and a rat (summoned).

Vanquished Creatures
  A sleepcap (D:4)
  An orc wizard (D:3)
  4 adders
  2 worms
  2 dart slugs (D:1)
  8 orcs (D:3)
  8 ball pythons
  9 bats
  3 endoplasms
  3 giant cockroaches
  6 goblins
  3 hobgoblins (D:1)
  4 jackals (D:1)
  3 quokkas (D:1)
  3 frilled lizards
  5 kobolds
  4 rats
69 creatures vanquished.

Notes
Turn   | Place    | Note
-------+----------+-------------------------------------------
     0 | D:1      | Hubris850 the Draconian Transmuter began the quest for the
                  | Orb.
     0 | D:1      | Reached XP level 1. HP: 16/16 MP: 3/3
    82 | D:1      | Reached XP level 2. HP: 23/23 MP: 3/5
   339 | D:1      | Reached XP level 3. HP: 29/29 MP: 4/6
   343 | D:1      | Learned a level 2 spell: Wereblood
   750 | D:1      | Found a faded altar of an unknown god.
  1014 | D:2      | Found a white marble altar of Elyvilon.
  1112 | D:2      | Found a runed translucent door.
  1113 | D:2      | Noticed Crazy Yiuf
  1174 | D:2      | Reached XP level 4. HP: 34/36 MP: 7/7
  1306 | D:2      | You fall into a shaft and drop 2 floors!
  1616 | D:2      | Found Megem's Antique Weapon Boutique.
  2090 | D:3      | Reached XP level 5. HP: 41/41 MP: 9/9
  2851 | D:4      | Noticed an ogre
  2853 | D:4      | Gained mutation: You have a pair of small horns on your
                  | head. [potion of mutation]
  2857 | D:4      | Noticed Eustachio
  2863 | D:4      | Demolished by an ogre

Illustrated notes

Levels and vault maps discovered:
D:1:      scummos_arrival_hexagon, layout_basic,
          shapermc_ecumenical_altar_mp_urbaneastern, minmay_box_of_dots
D:2:      layout_loops_ring, serial_shops, nicolae_shop_trees, basic_altar,
          minmay_tall_x, uniq_crazy_yiuf_cottage
D:3:      layout_basic
D:4:      layout_rooms, minivault_27, uniq_menkaure, uniq_eustachio

Skill      XL: |  1  2  3  4  5 |
---------------+----------------+-----
Dodging        | 2 |  2.8
Fighting       | 2 |  2.0
Transmutations | 3 |  3.1
Spellcasting   | 3 |  3.0
Unarmed Combat | |  3.9

Action                     |  1- 3 |  4- 6 || total
---------------------------+-------+-------++-------
  Melee: Unarmed           |    99 |   100 ||   199
         Kick              |    14 |    25 ||    39
         Tailslap          |     7 |    12 ||    19
         Headbutt          |    18 |    12 ||    30
         Punch             |     1 |     3 ||     4
   Cast: Beastly Appendage |    22 |    17 ||    39
    Use: Potion            |       |     2 ||     2
   Stab: Sleeping          |       |     1 ||     1
 Armour: Skin              |    21 |    25 ||    46
  Dodge: Dodged            |    66 |    48 ||   114

Table legend: (Time is in decaauts)
 A = Elapsed time spent in this place.
 B = Non-inter-level travel time spent in this place.
 C = Inter-level travel time spent in this place.
 D = Time resting spent in this place.
 E = Time spent auto-exploring this place.
 F = Levels seen in this place.
 G = Mean time per level.
                   A        B        C        D        E       F      G
               +--------+--------+--------+--------+--------+-----+--------+
         Total |   2849 |   2718 |    131 |     72 |   1987 |   4 |  712.2 |
       Dungeon |   2849 |   2718 |    131 |     72 |   1987 |   4 |  712.2 |
               +--------+--------+--------+--------+--------+-----+--------+

Top non-repeatable levels by time:
     D:3: 1077 daAuts
     D:1: 911 daAuts
     D:2: 673 daAuts
     D:4: 187 daAuts
